 Dungeon Crawl Stone Soup version 0.30-a0-965-g42e074c17a (webtiles) character file.

Game seed: 10292055008169331883

4 coolguy69 the Sneak (level 1, 9/9 HPs)
             Began as a Vine Stalker Enchanter on Mar 31, 2023.
             Quit the game on level 1 of the Dungeon.
             The game lasted 00:00:14 (68 turns).

coolguy69 the Sneak (Vine Stalker Enchanter)          Turns: 68, Time: 00:00:15

Health: 9/9        AC:  2    Str: 10    XL:     1   Next: 60%
Magic:  4/4        EV: 12    Int: 15    God:
Gold:   12         SH:  0    Dex: 14    Spells: 4/4 levels left

rFire   . . .      SeeInvis .    a - +1 dagger
rCold   . . .      Faith    .    (no shield)
rNeg    . . .      Spirit   +    b - +0 robe
rPois   .          Reflect  .    (no helmet)
rElec   .          Rampage  .    (no cloak)
rCorr   .                        (no gloves)
Will    .....                    (no boots)
Stlth   ++                       (no amulet)
HPRegen 0.21/turn                (no ring)
MPRegen 0.09/turn                (no ring)

@: no status effects
A: fangs 2, magic shield, antimagic bite, no potion heal 2
a: no special abilities


You were on level 1 of the Dungeon.
You visited 1 branch of the dungeon, and saw 1 of its levels.

You collected 12 gold pieces.

Inventory:

Hand Weapons
 a - a +1 dagger (weapon)
Armour
 b - a +0 robe (worn)
Scrolls
 d - a scroll of identify {unknown}
Potions
 c - 2 potions of invisibility


   Skills:
 + Level 1.0 Short Blades
 + Level 1.6 Dodging
 + Level 3.7 Stealth
 + Level 2.2 Spellcasting
 + Level 3.0 Hexes


You had 4 spell levels left.
You didn't know any spells.
Your spell library contained the following spells:

 Spells                   Type           Power      Damage    Failure   Level
 Ensorcelled Hibernation  Hex/Ice        12%        N/A       17%         2
 Confusing Touch          Hex            10%        N/A       19%         3
 Tukima's Dance           Hex            10%        N/A       19%         3
 Dazzling Flash           Conj/Hex       12%        N/A       34%         3


Dungeon Overview and Level Annotations

Branches:
Dungeon (1/15)

Altars:


Innate Abilities, Weirdness & Mutations

You have extremely sharp teeth.
When hurt, damage is shared between your health and your magic reserves.
Your bite disrupts and absorbs the magic of your enemies.
Potions cannot restore your health.


Message History

No target in view!
No target in view!
HP restored.
You now have 12 gold pieces.
A hobgoblin comes into view.
The hobgoblin shouts!
You hear an angry hiss.
A hobgoblin is nearby!
You closely miss the hobgoblin.
The hobgoblin hits you but does no damage.
A hobgoblin is nearby!
You closely miss the hobgoblin. Your bite misses the hobgoblin.
The hobgoblin hits you.
A hobgoblin is nearby!
You hit the hobgoblin but do no damage. You bite the hobgoblin.
You drain its power.
The hobgoblin is moderately wounded.
The hobgoblin closely misses you.
You barely miss the hobgoblin.
The hobgoblin is moderately wounded.
The hobgoblin hits you.
You hit the hobgoblin. Your bite misses the hobgoblin.
The hobgoblin is severely wounded.
The hobgoblin misses you.
A hobgoblin is nearby!
You barely miss the hobgoblin.
The hobgoblin is severely wounded.
The hobgoblin barely misses you.
A hobgoblin is nearby!
You barely miss the hobgoblin.
You bite the hobgoblin, but do no damage.
The hobgoblin is severely wounded.
The hobgoblin barely misses you.
A hobgoblin is nearby!
You hit the hobgoblin but do no damage. You bite the hobgoblin.
You kill the hobgoblin!
Magic restored.
You see here a hobgoblin corpse.
A ball python comes into view.
A ball python is nearby!
Are you sure you want to abandon this character and quit the game? (Confirm with "yes".)

### ###.########...... ..
#.................
#####.##.########........
.......#†# #........
.......#.##### #........
.............# #.....###
.....!#..###.####.....#
..... ##.#.....##.....#
.... #@..# #.....# ...
##S.# ## ..# #... #.## ..
#.. #..


You could see a ball python (wandering).

Vanquished Creatures
  A bat (D:1)
  A hobgoblin (D:1)
  A quokka (D:1)
3 creatures vanquished.

Notes
Turn   | Place    | Note
-------+----------+-------------------------------------------
     0 | D:1      | coolguy69 the Vine Stalker Enchanter began the quest for
                  | the Orb.
     0 | D:1      | Reached XP level 1. HP: 9/9 MP: 4/4
    27 | D:1      | Reached skill level 1 in Short Blades
    68 | D:1      | Quit the game

Illustrated notes

Levels and vault maps discovered:
D:1:      matt_arrival_diagonals, layout_basic, basic_ecumenical_altar

Skill      XL: |  1 |
---------------+----+-----
Short Blades   | 1 |  1.0
Dodging        | |  1.6
Stealth        | |  3.7
Spellcasting   | |  2.2
Hexes          | |  3.0

Action                     || total
---------------------------++-------
  Melee: Dagger            ||    12
         Bite              ||     4
   Stab: Sleeping          ||     1
 Armour: Robe              ||     3
  Dodge: Dodged            ||     6

Table legend: (Time is in decaauts)
 A = Elapsed time spent in this place.
 B = Non-inter-level travel time spent in this place.
 C = Inter-level travel time spent in this place.
 D = Time resting spent in this place.
 E = Time spent auto-exploring this place.
 F = Levels seen in this place.
 G = Mean time per level.
                   A        B        C        D        E       F      G
               +--------+--------+--------+--------+--------+-----+--------+
         Total |     67 |     67 |      0 |      0 |     43 |   1 |   67.0 |
       Dungeon |     67 |     67 |      0 |      0 |     43 |   1 |   67.0 |
               +--------+--------+--------+--------+--------+-----+--------+

Top non-repeatable levels by time:
     D:1: 67 daAuts
